 Dungeon Crawl Stone Soup version 0.21.1-1-g345015fe64 (webtiles) character file.

39 Kohma the Sneak (level 3, -10/18 HPs)
             Began as a Vine Stalker Assassin on July 12, 2018.
             Killed from afar by an electric eel (14 damage)
             ... with a bolt of electricity
             ... on level 3 of the Dungeon.
             The game lasted 00:06:31 (1451 turns).

Kohma the Sneak (Vine Stalker Assassin)             Turns: 1451, Time: 00:06:32

Health: -10/18     AC:  6    Str: 13    XL:     3   Next: 45%
Magic:  0/4        EV: 10    Int: 12    God:
Gold:   63         SH:  0    Dex: 15    Spells: 2/2 levels left

rFire    . . .     SeeInvis .   b - +0 blowgun
rCold    . . .     Gourm    .   (no shield)
rNeg     . . .     Faith    .   l - +0 ring mail
rPois    .         Spirit   +   (no helmet)
rElec    .         Reflect  .   d - +0 cloak
rCorr    .         Harm     .   (no gloves)
MR       .....                  (no boots)
Stlth    ++........             (no amulet)
HPRegen  0.06/turn              (no ring)
MPRegen  0.09/turn              (no ring)

@: no status effects
A: fangs 2, magic shield, antimagic bite, no potion heal 3, rot immunity
a: no special abilities


You were on level 3 of the Dungeon.
You were hungry.

You visited 1 branch of the dungeon, and saw 3 of its levels.

You collected 63 gold pieces.

Inventory:

Hand Weapons
 a - a +2 dagger
 b - a +0 blowgun (weapon)
Missiles
 e - 33 poisoned needles (quivered)
 f - 2 curare-tipped needles {!f}
 k - 19 stones
Armour
 c - a +0 robe
 d - a +0 cloak (worn)
 l - a +0 ring mail (worn)
Wands
 t - a wand of flame (36)
Scrolls
 h - a scroll of teleportation {unknown}
 i - 2 scrolls of enchant weapon {unknown}
 m - a scroll of fog {unknown}
 n - 2 scrolls of remove curse {unknown}
 o - a scroll of amnesia {unknown}
 p - a scroll of noise {unknown}
 r - a scroll of enchant armour {unknown}
Potions
 q - a potion of haste {unknown}
 s - a potion of flight {unknown}
Comestibles
 g - 9 rations
 j - 4 chunks of flesh


   Skills:
 + Level 2.0 Fighting
 * Level 2.4 Short Blades
 * Level 2.3 Throwing
 + Level 1.0 Dodging
 + Level 5.0 Stealth


You had 2 spell levels left.
You didn't know any spells.

Dungeon Overview and Level Annotations

Branches:
Dungeon (3/15)

Altars:
Elyvilon
Makhleb
Wu Jian

Annotations:
D:3 1 transporter


Innate Abilities, Weirdness & Mutations

You have extremely sharp teeth.
When hurt, damage is shared between your health and your magic reserves.
Your bite disrupts and absorbs the magic of your enemies.
Potions cannot restore your health.
You are immune to rotting.


Message History

Found a wand of flame (36).
There is a transporter landing site here.
You see here 16 sling bullets.
You are feeling hungry.
Found an inky potion.
Found a transporter.
s - an inky potion
There is a transporter here.
There is a transporter here.
You enter the transporter and appear at another place.
t - a wand of flame (36)
You open the door.
The electric eel shoots out a bolt of lightning at you!
The bolt of electricity hits you!
The electric eel shoots out a bolt of lightning at you!
The bolt of electricity hits you!
* * * LOW HITPOINT WARNING * * *
The electric eel shoots out a bolt of lightning at you!
The bolt of electricity hits you!
Ouch! That really hurt!
You die...

# #. . #. #.#.
###################
###.#.##.................#
........###############(###
##.#....#8P#;;;≈≈≈≈#P8#....
###......#..#..;≈P≈P#..#..##
........©#©@'..P♣≈≈≈+(©#©..#
####.....#..#..≈≈≈P≈#..#....
##....#8P#≈≈≈≈≈≈≈#P8#.#.#
#....###############.#..
#.##.................##< #+
##########..####..... ...#..
#####. #..###.. #. #.. #.#
#.


You could see 4 electric eels.

Vanquished Creatures
  A worm (D:2)
  A dart slug (D:2)
  A ball python (D:2)
  3 bats (D:2)
  8 goblins
  7 hobgoblins
  3 kobolds
  A quokka (D:2)
  5 rats
30 creatures vanquished.

Notes
Turn   | Place    | Note
-------+----------+-------------------------------------------
     0 | D:1      | Kohma the Vine Stalker Assassin began the quest for the Orb.
     0 | D:1      | Reached XP level 1. HP: 11/11 MP: 2/2
   235 | D:1      | Reached XP level 2. HP: 15/15 MP: 3/3
   586 | D:2      | Found a burning altar of Makhleb.
   678 | D:2      | Reached skill level 1 in Dodging
   786 | D:2      | Reached skill level 5 in Stealth
   786 | D:2      | Reached XP level 3. HP: 18/18 MP: 4/4
   942 | D:2      | Found a white marble altar of Elyvilon.
  1278 | D:2      | Found an ornate altar of the Wu Jian Council.
  1400 | D:3      | Found a transporter.
  1433 | D:3      | Found a transporter.
  1451 | D:3      | Killed from afar by an electric eel

Skill      XL: |  1  2 |
---------------+-------+-----
Short Blades   | 2 |  2.4
Throwing       | 2 |  2.3
Fighting       | 2 |  2.0
Dodging        | 1 |  1.0
Stealth        | 5 |  5.0

Action                   || total
-------------------------++-------
Melee: Dagger            ||    66
       Bite              ||    16
 Fire: Blowgun           ||    33
  Eat: Chunk             ||     1
Armor: Robe              ||     4
       Ring mail         ||    30
Dodge: Dodged            ||    39
